AoeStats
← diego_benavente

Arabia

504806659Analyzed
1v1 RM · 25d ago on Sep 6, 2026· 42m 3s· 2 players
Game mode
Random Map
Map size
Tiny (2 player)
Population
200
Speed
Normal
Resources
Standard
Victory
Conquest
Starting age
Dark Age
Ending age
Imperial Age
RankedLock teamsTeams togetherTeam positionsShared explorationLock speedFull tech treeHidden civsTurbo modeCheats
Victory
Defeat
🇨🇱 Poles · Chile
729
+15
🇦🇷 Khmer · Argentina
712
-15
Victorino
12:31 Feudal Age
14:18 Double-Bit Axe
15:54 Horse Collar
19:49 Castle Age
21:17 Bow Saw
21:18 Scale Barding Armor
28:13 Gold Mining
28:26 Heavy Plow
29:05 Wheelbarrow
28:53 Padded Archer Armor
28:43 Fletching
28:54 Scale Mail Armor
30:54 Gold Shaft Mining
30:13 Crossbowman
32:04 Scale Mail Armor
32:02 Bodkin Arrow
35:29 Leather Archer Armor
35:37 Chain Barding Armor
41:12 Imperial Age
38:32 Loom
39:02 Hand Cart
41:03 Ballistics
diego_benavente
1:32 Loom
11:20 Feudal Age
12:01 Double-Bit Axe
15:43 Wheelbarrow
15:07 Man-at-Arms
18:48 Horse Collar
22:51 Castle Age
22:48 Forging
23:02 Scale Barding Armor
23:05 Light Cavalry
23:08 Pikeman
24:42 Bow Saw
25:25 Sanctity
25:08 Fletching
27:03 Husbandry
27:14 Bloodlines
27:06 Elite Skirmisher
28:13 Scale Mail Armor
28:47 Heavy Plow
29:07 Stone Mining
31:51 Long Swordsman
34:04 Hand Cart
34:39 Padded Archer Armor
37:44 Imperial Age
36:55 Leather Archer Armor
36:20 Crossbowman
37:08 Thumb Ring
38:03 Squires
38:48 Conscription
39:18 Block Printing
39:39 Theocracy
40:42 Murder Holes
40:59 Masonry
40:41 Cavalier
41:43 Bodkin Arrow
Connection lost

Rejoining the realm…

Still unreachable

The connection could not be restored.

Session expired

The server has moved on; the page needs a fresh start.